CAL (WIN)
SALEM RED SOX @ LAKE ELSINORE STORM
11/27/2045
 
TOP OF THE 1ST
Salem Red Sox batting - Pitching for Lake Elsinore Storm : RHP Liam Tate
Pitching: RHP Liam Tate
Batting: RHB Andy Garvin 0-0: Ball
1-0: Foul Ball, location: 2F
1-1: Ball
2-1: Foul Ball, location: 2F
2-2: Strikes out looking
Batting: RHB Sal Rivera 0-0: Ball
1-0: Ball
2-0: Called Strike
2-1: Called Strike
2-2: Ground out 5-3 (Groundball, 5S, EV 80.0 MPH)
Batting: RHB Jose Diaz 0-0: Ball
1-0: Swinging Strike
1-1: Called Strike
1-2: Ball
2-2: Foul Ball, location: 2F
2-2: Foul Ball, location: 2F
2-2: Ground out 6-3 (Groundball, 6, EV 93.1 MPH)
Top of the 1st over - 0 runs, 0 hits, 0 errors, 0 left on base; Salem 0 - Lake Elsinore 0
BOTTOM OF THE 1ST
Lake Elsinore Storm batting - Pitching for Salem Red Sox : RHP Cody Humphries
Pitching: RHP Cody Humphries
Batting: RHB Dave McBain 0-0: Ball
1-0: Called Strike
1-1: Swinging Strike
1-2: Ball
2-2: Ball
3-2: Strikes out swinging
Batting: RHB Jaden Scott 0-0: Ball
1-0: Foul Ball, location: 2F
1-1: Ball
2-1: Ball
3-1: Swinging Strike
3-2: Base on Balls
Batting: SHB Adam Martin 0-0: Called Strike
0-1: Called Strike
0-2: 2-RUN HOME RUN (Flyball, 8LXD, EV 116.2 MPH), Distance : 457 ft
Batting: LHB Angel Mejia 0-0: Ball
1-0: Ball
2-0: Ball
3-0: Called Strike
3-1: Base on Balls
Batting: RHB Mike Maserang 0-0: Ball
Angel Mejia steals 2nd base
1-0: SINGLE (Groundball, 6MD, EV 106.2 MPH)
Angel Mejia to third
Runner from 3rd tries for Home, SAFE, throw by CF to home
Batting: LHB Sammy Roddenberry 0-0: 2-RUN HOME RUN (Flyball, 9D, EV 94.4 MPH), Distance : 379 ft
Batting: RHB Kalidas Mishra 0-0: Ball
1-0: Ball
2-0: Ball
3-0: Called Strike
3-1: Fly out, F7 (Flyball, 7D, EV 100.6 MPH)
Batting: LHB James McCauley 0-0: Swinging Strike
0-1: Ball
1-1: Foul Ball, location: 2F
1-2: Strikes out swinging
Bottom of the 1st over - 5 runs, 3 hits, 0 errors, 0 left on base; Salem 0 - Lake Elsinore 5
TOP OF THE 2ND
Salem Red Sox batting - Pitching for Lake Elsinore Storm : RHP Liam Tate
Batting: RHB Adugna Chandu 0-0: SINGLE (Flyball, 78S, EV 98.8 MPH)
Batting: SHB Greg Shaw 0-0: Ball
1-0: Called Strike
1-1: Grounds into double play, 5-4-3 (Groundball, 56, EV 82.5 MPH)
Batting: RHB Alex Cardenas 0-0: Swinging Strike
0-1: SINGLE (Groundball, 6MD, EV 94.4 MPH)
Batting: RHB Dave Burwell 0-0: Called Strike
0-1: Foul Ball, location: 2F
0-2: Ground out 6-3 (Groundball, 6MS, EV 90.0 MPH)
Top of the 2nd over - 0 runs, 2 hits, 0 errors, 1 left on base; Salem 0 - Lake Elsinore 5
BOTTOM OF THE 2ND
Lake Elsinore Storm batting - Pitching for Salem Red Sox : RHP Cody Humphries
Batting: RHB Hector Fernandez 0-0: Swinging Strike
0-1: DOUBLE (Flyball, 8RXD, EV 93.8 MPH)
Batting: RHB Dave McBain 0-0: Ball
1-0: Ball
2-0: Ball
3-0: Called Strike
3-1: Base on Balls
Pitching: LHP Jon Convery
Batting: RHB Jaden Scott 0-0: Called Strike
0-1: Ball
1-1: Foul Ball, location: 2F
1-2: Strikes out swinging
Batting: SHB Adam Martin 0-0: Called Strike
0-1: Ball
1-1: SINGLE (Groundball, 56D, EV 99.4 MPH)
Hector Fernandez to third
Dave McBain to second
Runner from 3rd tries for Home, SAFE, throw by LF to home
Batting: LHB Angel Mejia 0-0: Ball
1-0: Foul Ball, location: 2F
1-1: Ball
2-1: Swinging Strike
2-2: Grounds into double play, 4-6-3 (Groundball, 4, EV 107.5 MPH)
Bottom of the 2nd over - 1 run, 2 hits, 0 errors, 1 left on base; Salem 0 - Lake Elsinore 6
TOP OF THE 3RD
Salem Red Sox batting - Pitching for Lake Elsinore Storm : RHP Liam Tate
Batting: RHB Joe Sandoval 0-0: Foul Ball, location: 2F
0-1: Ball
1-1: Foul Ball, location: 2F
1-2: Strikes out swinging
Batting: RHB Aukukero Tairi 0-0: Fly out, F9 (Flyball, 9LS, EV 93.8 MPH)
Batting: RHB Andy Garvin 0-0: Ball
1-0: Ground out 6-3 (Groundball, 6, EV 86.2 MPH)
Top of the 3rd over - 0 runs, 0 hits, 0 errors, 0 left on base; Salem 0 - Lake Elsinore 6
BOTTOM OF THE 3RD
Lake Elsinore Storm batting - Pitching for Salem Red Sox : LHP Jon Convery
Batting: RHB Mike Maserang 0-0: Called Strike
0-1: Called Strike
0-2: Ball
1-2: Foul Ball, location: 2F
1-2: Ball
2-2: Strikes out swinging
Batting: LHB Sammy Roddenberry 0-0: Ball
1-0: Foul Ball, location: 2F
1-1: Fly out, F6 (Popup, P, EV 80.0 MPH)
Batting: RHB Kalidas Mishra 0-0: Ball
1-0: Swinging Strike
1-1: Called Strike
1-2: Strikes out looking
Bottom of the 3rd over - 0 runs, 0 hits, 0 errors, 0 left on base; Salem 0 - Lake Elsinore 6
TOP OF THE 4TH
Salem Red Sox batting - Pitching for Lake Elsinore Storm : RHP Liam Tate
Batting: RHB Sal Rivera 0-0: Ground out 6-3 (Groundball, 6, EV 101.2 MPH)
Batting: RHB Jose Diaz 0-0: SINGLE (Groundball, 56D, EV 100.6 MPH)
Batting: RHB Adugna Chandu 0-0: Called Strike
0-1: Ball
Jose Diaz steals 2nd, throwing error, E2
Jose Diaz to third
1-1: Foul Ball, location: 2F
1-2: Foul Ball, location: 2F
1-2: Fly out, F4 (Line Drive, 4, EV 71.9 MPH)
Batting: SHB Greg Shaw 0-0: Ball
1-0: Called Strike
1-1: Swinging Strike
1-2: Strikes out swinging
Top of the 4th over - 0 runs, 1 hit, 1 error, 1 left on base; Salem 0 - Lake Elsinore 6
BOTTOM OF THE 4TH
Lake Elsinore Storm batting - Pitching for Salem Red Sox : LHP Jon Convery
Batting: LHB James McCauley 0-0: Ball
1-0: Ball
2-0: Fly out, F8 (Flyball, 8RM, EV 91.2 MPH)
Batting: RHB Hector Fernandez 0-0: Called Strike
0-1: Foul Ball, location: 2F
0-2: Foul Ball, location: 2F
0-2: TRIPLE (Flyball, 89XD, EV 106.9 MPH)
Batting: RHB Dave McBain 0-0: Called Strike
0-1: Called Strike
0-2: Ground out 5-3 (Groundball, 56, EV 110.0 MPH)
Hector Fernandez scores
Batting: RHB Jaden Scott 0-0: Ball
1-0: Foul Ball, location: 2F
1-1: Foul Ball, location: 2F
1-2: Strikes out swinging
Bottom of the 4th over - 1 run, 1 hit, 0 errors, 0 left on base; Salem 0 - Lake Elsinore 7
TOP OF THE 5TH
Salem Red Sox batting - Pitching for Lake Elsinore Storm : RHP Liam Tate
Batting: RHB Alex Cardenas 0-0: Called Strike
0-1: Swinging Strike
0-2: Ball
1-2: Ball
2-2: Strikes out swinging
Batting: RHB Dave Burwell 0-0: Ball
1-0: Swinging Strike
1-1: Ball
2-1: Ball
3-1: Foul Ball, location: 2F
3-2: Base on Balls
Batting: RHB Joe Sandoval 0-0: Fly out, F7 (Flyball, 7LS, EV 91.2 MPH)
Batting: RHB Aukukero Tairi 0-0: Fly out, F8 (Flyball, 8LXD, EV 108.8 MPH)
Top of the 5th over - 0 runs, 0 hits, 0 errors, 1 left on base; Salem 0 - Lake Elsinore 7
BOTTOM OF THE 5TH
Lake Elsinore Storm batting - Pitching for Salem Red Sox : LHP Jon Convery
Batting: SHB Adam Martin 0-0: Ball
1-0: Ball
2-0: Ball
3-0: Called Strike
3-1: Fly out, F8 (Flyball, 8RD, EV 106.2 MPH)
Batting: LHB Angel Mejia 0-0: Called Strike
0-1: Ball
1-1: Swinging Strike
1-2: Fly out, F3 (Popup, 3S, EV 65.0 MPH)
Batting: RHB Mike Maserang 0-0: Foul Ball, location: 2F
0-1: Foul Ball, location: 2F
0-2: Foul Ball, location: 2F
0-2: Ball
1-2: Ball
2-2: Foul Ball, location: 2F
2-2: Fly out, F9 (Flyball, 89S, EV 81.2 MPH)
Bottom of the 5th over - 0 runs, 0 hits, 0 errors, 0 left on base; Salem 0 - Lake Elsinore 7
TOP OF THE 6TH
Salem Red Sox batting - Pitching for Lake Elsinore Storm : RHP Liam Tate
Batting: RHB Andy Garvin 0-0: Called Strike
0-1: Called Strike
0-2: Ball
1-2: Ball
2-2: Foul Ball, location: 2F
2-2: Strikes out swinging
Batting: RHB Sal Rivera 0-0: Ball
1-0: Called Strike
1-1: Foul Ball, location: 2F
1-2: Strikes out swinging
Batting: RHB Jose Diaz 0-0: Called Strike
0-1: Foul Ball, location: 2F
0-2: SINGLE (Groundball, 4MD, EV 98.8 MPH)
Batting: RHB Adugna Chandu 0-0: Called Strike
Jose Diaz steals 2nd base
0-1: Ball
1-1: Swinging Strike
1-2: Strikes out looking
Top of the 6th over - 0 runs, 1 hit, 0 errors, 1 left on base; Salem 0 - Lake Elsinore 7
BOTTOM OF THE 6TH
Lake Elsinore Storm batting - Pitching for Salem Red Sox : LHP Jon Convery
Batting: LHB Sammy Roddenberry 0-0: Foul Ball, location: 2F
0-1: SINGLE (Groundball, 34S, EV 81.9 MPH) (infield hit)
Pitching: RHP Ryuhei Shimabukuro
Batting: RHB Kalidas Mishra 0-0: Ball
Sammy Roddenberry steals 2nd base
1-0: Ball
2-0: Called Strike
2-1: Ball
3-1: Swinging Strike
3-2: Strikes out swinging
Batting: LHB James McCauley 0-0: Foul Ball, location: 2F
0-1: Called Strike
0-2: Ball
1-2: Ground out 4-3 (Groundball, 4, EV 89.4 MPH)
Sammy Roddenberry to third
Batting: RHB Hector Fernandez 0-0: Reached on error, E6 (Groundball, 6, EV 104.4 MPH)
Sammy Roddenberry scores
Batting: RHB Dave McBain 0-0: Called Strike
0-1: Fly out, F8 (Flyball, 89M, EV 92.5 MPH)
Bottom of the 6th over - 1 run, 1 hit, 1 error, 1 left on base; Salem 0 - Lake Elsinore 8
TOP OF THE 7TH
Salem Red Sox batting - Pitching for Lake Elsinore Storm : RHP Liam Tate
Batting: SHB Greg Shaw 0-0: Fly out, F7 (Flyball, 7S, EV 83.1 MPH)
Pitching: RHP Nick Goodlow
Batting: RHB Alex Cardenas 0-0: Ball
1-0: Ball
2-0: Called Strike
2-1: Foul Ball, location: 2F
2-2: Foul Ball, location: 2F
2-2: Foul Ball, location: 2F
2-2: Ground out 2-3 (Groundball, 15S, EV 71.9 MPH)
Batting: RHB Dave Burwell 0-0: Ball
1-0: Foul Ball, location: 2F
1-1: SOLO HOME RUN (Flyball, 7D, EV 100.0 MPH), Distance : 385 ft
Batting: RHB Joe Sandoval 0-0: Called Strike
0-1: Ball
1-1: Foul Ball, location: 2F
1-2: Ball
2-2: Ball
3-2: Fly out, F9 (Flyball, 89S, EV 95.0 MPH)
Top of the 7th over - 1 run, 1 hit, 0 errors, 0 left on base; Salem 1 - Lake Elsinore 8
BOTTOM OF THE 7TH
Lake Elsinore Storm batting - Pitching for Salem Red Sox : RHP Ryuhei Shimabukuro
Batting: RHB Jaden Scott 0-0: Ball
1-0: Called Strike
1-1: Called Strike
1-2: Strikes out swinging, 2-3 out at first.
Batting: SHB Adam Martin 0-0: Called Strike
0-1: Ball
1-1: Ball
2-1: Swinging Strike
2-2: Strikes out swinging
Pinch Hitting: LHB Rogelio Nunez 0-0: Called Strike
0-1: Ball
1-1: Ball
2-1: TRIPLE (Line Drive, 89XD, EV 100.6 MPH)
Pinch Hitting: LHB Dean Luttman 0-0: Called Strike
0-1: Foul Ball, location: 2F
0-2: Ball
1-2: 2-RUN HOME RUN (Flyball, 9D, EV 98.1 MPH), Distance : 374 ft
Pinch Hitting: LHB Ramon Vega 0-0: Ball
1-0: Ball
2-0: Swinging Strike
2-1: Foul Ball, location: 2F
2-2: Strikes out looking
Bottom of the 7th over - 2 runs, 2 hits, 0 errors, 0 left on base; Salem 1 - Lake Elsinore 10
TOP OF THE 8TH
Salem Red Sox batting - Pitching for Lake Elsinore Storm : RHP Nick Goodlow
Now at 1B: Dean Luttman
Now at 2B: Hector Fernandez
Now at 3B: Rogelio Nunez
Now at SS: Jaden Scott
Now in RF: Ramon Vega
Batting: RHB Aukukero Tairi 0-0: Foul Ball, location: 2F
0-1: Ball
1-1: Ball
2-1: Ball
3-1: Base on Balls
Batting: RHB Andy Garvin 0-0: Ball
1-0: Called Strike
1-1: Swinging Strike
1-2: Strikes out swinging
Pinch Hitting: LHB Julian Toney 0-0: Ball
1-0: Fielders Choice at 2nd, 3-6 (Groundball, 3, EV 86.9 MPH)
Batting: RHB Jose Diaz 0-0: Ball
1-0: Fly out, F8 (Flyball, 8RD, EV 106.9 MPH)
Top of the 8th over - 0 runs, 0 hits, 0 errors, 1 left on base; Salem 1 - Lake Elsinore 10
BOTTOM OF THE 8TH
Lake Elsinore Storm batting - Pitching for Salem Red Sox : RHP Ryuhei Shimabukuro
Now in RF: Julian Toney
Batting: RHB Kalidas Mishra 0-0: Called Strike
0-1: Called Strike
0-2: Ball
1-2: Fly out, F7 (Flyball, 7LM, EV 91.9 MPH)
Batting: LHB James McCauley 0-0: Called Strike
0-1: Ball
1-1: Ball
2-1: Called Strike
2-2: Strikes out swinging, 2-3 out at first.
Batting: RHB Hector Fernandez 0-0: Called Strike
0-1: Ball
1-1: Foul Ball, location: 2F
1-2: Ground out 5-3 (Groundball, 56S, EV 90.6 MPH)
Bottom of the 8th over - 0 runs, 0 hits, 0 errors, 0 left on base; Salem 1 - Lake Elsinore 10
TOP OF THE 9TH
Salem Red Sox batting - Pitching for Lake Elsinore Storm : RHP Nick Goodlow
Batting: RHB Adugna Chandu 0-0: Swinging Strike
0-1: Swinging Strike
0-2: Strikes out swinging
Pinch Hitting: RHB Josh Smith 0-0: Ball
1-0: Ground out 6-3 (Groundball, 6, EV 88.1 MPH)
Batting: RHB Alex Cardenas 0-0: Ball
1-0: Ball
2-0: Called Strike
2-1: Foul Ball, location: 2F
2-2: Strikes out swinging
Top of the 9th over - 0 runs, 0 hits, 0 errors, 0 left on base; Salem 1 - Lake Elsinore 10
Wednesday, June 22nd , 2022 - OOTP Baseball 23.4 Build 64